 Dungeon Crawl Stone Soup version 0.31.0-7-gf635a9b802 (webtiles) character file.

Game seed: 12015948280418376932

790 puppykicker the Cleaver (level 7, -3/57 HPs)
             Began as a Minotaur Berserker on Jan 23, 2024.
             Was a Priest of Trog.
             Succumbed to a gnoll sergeant's poison
             ... on level 5 of the Dungeon.
             The game lasted 00:07:20 (4049 turns).

puppykicker the Cleaver (Minotaur Berserker)        Turns: 4049, Time: 00:07:21

Health: -3/57      AC: 13    Str: 27    XL:     7   Next: 57%
Magic:  6/6        EV:  9    Int:  6    God:    Trog [***...]
Gold:   289        SH:  0    Dex: 10    Spells: 6/6 levels left

rFire   + . .        a - +0 hand axe
rCold   + . .        (no shield)
rNeg    . . .        h - +0 chain mail
rPois   +            (helmet restricted)
rElec   +            u - +0 cloak
rCorr   +            j - +0 pair of gloves
SInv    .            d - +1 pair of boots
Will    ++...        (no amulet) Stlth
                     q - +6 ring of strength
HPRegen 1.29/turn    (no ring)
MPRegen 0.10/turn

%: no passive effects
@: lethally poisoned (-3 -> -21), resistant, weakened, strong-willed,
attractive, regenerating
A: horns 2, retaliatory headbutt
a: Renounce Religion, Berserk, Trog's Hand


You were on level 5 of the Dungeon.
You worshipped Trog.
Trog was most pleased with you.
You visited 1 branch of the dungeon, and saw 5 of its levels.

You collected 289 gold pieces.

Inventory:

Hand Weapons
 a - a +0 hand axe (weapon)
Missiles
 k - 2 javelins (quivered)
 l - a throwing net
Armour
 d - a +1 pair of boots (worn)
 h - a +0 chain mail (worn)
 j - a +0 pair of gloves (worn)
 r - a scarf of harm
 u - a +0 cloak (worn)
Jewellery
 q - a +6 ring of strength (left hand)
Wands
 t - a wand of polymorph (2)
Scrolls
 b - 2 scrolls of immolation {!r}
 c - a scroll of enchant weapon
 e - a scroll of fear
 f - a scroll of fog
 g - a scroll of poison {!r}
 s - a scroll of noise {!r}
 v - a scroll of enchant armour
 B - a scroll of blinking {!r}
Potions
 i - a potion of might {unknown}
 m - a potion of brilliance {unknown}
 n - a potion of degeneration {unknown}
 o - a potion of curing
 p - 2 potions of attraction {!q}
 w - 2 potions of berserk rage {unknown}
 x - a potion of resistance
 z - 2 potions of heal wounds {unknown}


   Skills:
 - Level 3.6 Fighting
 + Level 10.8 Axes
 - Level 2.4 Armour
 - Level 2.1 Dodging


You had 6 spell levels left.
You didn't know any spells.
Your spell library was empty.

Dungeon Overview and Level Annotations

Branches:
Dungeon (5/15)             Temple (0/1) D:4

Altars:

Annotations:
D:5 1 transporter


Innate Abilities, Weirdness & Mutations

You have a pair of horns on your head.
You reflexively headbutt those who attack you in melee.


Message History

The gnoll hits you but does no damage.
The gnoll bouda calls upon its god to heal the gnoll.
The gnoll is healed somewhat.
The gnoll is attracted toward you. x2
You take 10 damage, and have 23/57 hp.
It was a potion of curing.
You feel better.
The gnoll sergeant hits you with the +10 trident of Blind Justice {venom, Dex+3 Stlth+}!
* * * LOW HITPOINT WARNING * * *
You are poisoned.
The gnoll barely misses you. You furiously retaliate!
You headbutt the gnoll. The gnoll closely misses you.
The gnoll bouda gazes fiercely through you!
You feel as though you will be weak longer.
The gnoll barely misses you.
You take 1 damage, and have 22/57 hp.
Unknown command.
You feel better.
The gnoll sergeant hits you but does no damage.
You are poisoned.
The gnoll hits you but does no damage. The gnoll hits you with a +0 spear.
* * * LOW HITPOINT WARNING * * *
The gnoll hits you from afar with a +1 vampiric spear.
* * * LOW HITPOINT WARNING * * *
The gnoll sergeant is attracted toward you.
The gnoll is attracted toward you.
Your skin crawls.
You feel strong-willed.
You feel very sick.
The gnoll sergeant hits you with the +10 trident of Blind Justice {venom, Dex+3 Stlth+}!
* * * LOW HITPOINT WARNING * * *
You are lethally poisoned!
The gnoll hits you with a +0 halberd.
* * * LOW HITPOINT WARNING * * *
The gnoll hits you but does no damage.
The gnoll bouda barks out a call to the hunt!
The gnoll picks up the pace!
You take 21 damage, and have 2/57 hp.
MASSIVE DAMAGE!!
It was a potion of resistance.
You feel protected.
You die...

#..#.≈≈##.###g###.##≈≈.#
#....≈≈#...........#≈≈.#
#.#..≈≈###§##g##.###≈≈.#
#.##.≈≈..#.#gg.#.#..≈≈.#
#.##.≈≈.##.#( .#.##.≈≈.# #
#.##.≈≈.#gg# #.g#.≈≈.#
######.##.≈≈.##g#####.##.≈≈.#
.......##.....#g#8⌠8#.#..≈≈.#
.########....©#.@gg)'?#©.~~.#
.......##.....#.#g..#.#..≈≈.#
.#####....≈≈.##.##.##.##.≈≈.#
.# ###..≈≈.#..#P..#.g#.≈≈†# .#
####.≈≈.##.'...'.##.≈≈.# .##
#....≈≈..#.#...#.#..≈≈.### ..##
#....≈≈###.##'##.###≈≈...# ...#
#....≈≈#...........#≈≈.#.#
...###....≈≈##.###)###.##≈≈.#.#


You could see 2 gnoll sergeants, a gnoll bouda and 4 gnolls.

Levels and vault maps discovered:
D:1:      dpeg_arrival_radiant, layout_basic
D:2:      cheibrodos_old_hovel, layout_rooms
D:3:      layout_loops_cross, ebering_ghost_rock_garden,
          dreamdust_princess_corridor, uniq_crazy_yiuf_cottage, uniq_ijyb
D:4:      layout_cave_pods, minmay_temple_entry_enclosed_plants, st_stairs_3,
          uniq_duvessa
D:5:      layout_rooms, gammafunk_ghost_gnarly_gnolls

Notes
Turn   | Place    | Note
-------+----------+-------------------------------------------
     0 | D:1      | puppykicker the Minotaur Berserker began the quest for the
                  | Orb.
     0 | D:1      | Reached XP level 1. HP: 19/19 MP: 0/0
   188 | D:1      | Reached skill level 4 in Axes
   355 | D:1      | Reached XP level 2. HP: 26/26 MP: 1/1
   548 | D:1      | Identified a +0 dagger
   671 | D:1      | Identified a +0 chain mail
   730 | D:1      | Identified a +0 club
   979 | D:2      | Identified a +0 dagger
   997 | D:2      | Identified a +1 pair of boots
  1008 | D:2      | Identified a +0 ring mail
  1072 | D:2      | Identified a +0 pair of gloves
  1242 | D:2      | Reached skill level 5 in Axes
  1242 | D:2      | Reached XP level 3. HP: 28/31 MP: 2/2
  1303 | D:2      | Identified a +0 dagger
  1303 | D:2      | Identified a +0 sling
  1306 | D:2      | Identified a +0 club
  1366 | D:2      | Identified a +0 robe
  1380 | D:2      | Identified a +0 dagger
  1546 | D:3      | Reached ** piety under Trog
  1614 | D:3      | Found a runed translucent gate.
  1624 | D:3      | Identified a +0 dagger
  1642 | D:3      | Found a runed translucent gate.
  1642 | D:3      | Found a runed translucent gate.
  1643 | D:3      | Identified a +0 club
  1643 | D:3      | Identified a +0 robe
  1644 | D:3      | Noticed PaiMei's ghost (weakling DsNe)
  1653 | D:3      | Killed PaiMei's ghost
  1654 | D:3      | Reached skill level 6 in Axes
  1654 | D:3      | Reached XP level 4. HP: 39/39 MP: 3/3
  1683 | D:3      | Identified a +6 ring of strength
  1697 | D:3      | Identified a scarf of harm
  1778 | D:3      | Identified a +0 club
  1904 | D:3      | Identified a +0 scale mail
  2057 | D:3      | Identified a +0 antimagic hammer
  2058 | D:3      | Found a runed translucent door.
  2058 | D:3      | Identified a +2 hammer of protection
  2059 | D:3      | Identified a +4 quarterstaff of chaos
  2059 | D:3      | Identified a +0 cloak
  2059 | D:3      | Noticed Crazy Yiuf
  2060 | D:3      | Identified a +0 hammer
  2066 | D:3      | Identified a +0 hammer
  2184 | D:3      | Identified a +0 dagger
  2186 | D:3      | Identified a +0 club
  2186 | D:3      | Identified a +0 leather armour
  2186 | D:3      | Noticed Ijyb
  2212 | D:3      | Killed Ijyb
  2213 | D:3      | Reached XP level 5. HP: 21/45 MP: 4/4
  2223 | D:3      | Identified a +0 hand axe
  2370 | D:3      | Killed Crazy Yiuf
  2371 | D:3      | Reached skill level 7 in Axes
  2383 | D:3      | Identified a +0 hammer
  2630 | D:4      | Identified a +0 short sword
  2630 | D:4      | Identified a +0 leather armour
  2630 | D:4      | Noticed Duvessa
  2631 | D:4      | Identified a +3 dagger
  2631 | D:4      | Identified a +0 robe
  2631 | D:4      | Noticed Dowan
  2648 | D:4      | Killed Duvessa
  2649 | D:4      | Reached skill level 8 in Axes
  2649 | D:4      | Reached XP level 6. HP: 39/51 MP: 5/5
  2649 | D:4      | Killed Dowan
  2747 | D:4      | Identified 8 scrolls of identify
  2747 | D:4      | Identified a scroll of poison
  2748 | D:4      | Identified a scroll of fog
  2749 | D:4      | Identified a scroll of enchant weapon
  2750 | D:4      | Identified a scroll of noise
  2751 | D:4      | Identified a scroll of blinking
  2752 | D:4      | Identified a scroll of enchant armour
  2753 | D:4      | Identified a scroll of immolation
  2754 | D:4      | Identified a scroll of fear
  2770 | D:4      | Identified a +0 dagger of protection
  2883 | D:4      | Reached skill level 9 in Axes
  2890 | D:4      | Identified a +1 pair of boots
  2941 | D:4      | Found a staircase to the Ecumenical Temple.
  3146 | D:4      | Identified a +0 mace
  3211 | D:5      | Entered Level 5 of the Dungeon
  3227 | D:5      | Noticed a water moccasin
  3236 | D:5      | Killed a water moccasin
  3237 | D:5      | Reached XP level 7. HP: 35/57 MP: 6/6
  3418 | D:5      | Reached skill level 10 in Axes
  3537 | D:5      | Identified a +0 club
  3537 | D:5      | Identified a +0 whip
  3538 | D:5      | Identified a +0 halberd
  3538 | D:5      | Identified a +0 dagger
  3538 | D:5      | Identified a +0 robe
  3548 | D:5      | Identified the +10 trident of Blind Justice {venom, Dex+3
                  | Stlth+}
  3548 | D:5      | Identified a +2 scale mail
  3548 | D:5      | Identified a +1 buckler
  3561 | D:5      | Identified a +3 spear of venom
  3748 | D:5      | Found a transporter.
  3753 | D:5      | Identified a +0 halberd
  3915 | D:5      | Identified a +0 trident
  3915 | D:5      | Identified a +0 ring mail
  3924 | D:5      | Identified a +1 vampiric spear
  3941 | D:5      | Noticed TheRegalBeagle's ghost (weakling SpDe)
  3944 | D:5      | Identified a +0 club
  3944 | D:5      | Identified a +0 leather armour
  3944 | D:5      | Identified an amulet of regeneration
  3946 | D:5      | Found a transporter.
  3947 | D:5      | Identified a +0 spear
  3959 | D:5      | Identified a +0 spear
  3967 | D:5      | Reached *** piety under Trog
  4038 | D:5      | Killed TheRegalBeagle's ghost
  4045 | D:5      | Identified 3 potions of attraction
  4046 | D:5      | Identified 3 potions of curing
  4048 | D:5      | HP: 8/57 [gnoll sergeant/the +10 trident of Blind Justice
                  | {venom, Dex+3 Stlth+} (14)]
  4048 | D:5      | HP: 2/57 [gnoll/+0 halberd (6)]
  4049 | D:5      | Identified 2 potions of resistance
  4049 | D:5      | Succumbed to a gnoll sergeant's poison

Table legend: (Time is in decaauts)
 A = Elapsed time spent in this place.
 B = Non-inter-level travel time spent in this place.
 C = Inter-level travel time spent in this place.
 D = Time resting spent in this place.
 E = Time spent auto-exploring this place.
 F = Levels seen in this place.
 G = Mean time per level.
                   A        B        C        D        E       F      G
               +--------+--------+--------+--------+--------+-----+--------+
         Total |   4033 |   3857 |    176 |    457 |   2797 |   5 |  806.6 |
       Dungeon |   4033 |   3857 |    176 |    457 |   2797 |   5 |  806.6 |
               +--------+--------+--------+--------+--------+-----+--------+

Top non-repeatable levels by time:
     D:1: 981 daAuts
     D:3: 934 daAuts
     D:5: 820 daAuts
     D:4: 780 daAuts
     D:2: 516 daAuts

Table legend:
 A = Kills in this place as a percentage of kills in the entire game.
 B = Kills by you in this place as a percentage of kills by you in the entire game.
 C = Kills by friends in this place as a percentage of kills by friends in the entire game.
 D = Other kills in this place as a percentage of other kills in the entire game.
 E = Experience gained in this place as a percentage of experience gained in the entire game.
 F = Experience gained in this place divided by the number of levels of this place that you have seen.
                   A       B       C       D       E      F
               +-------+-------+-------+-------+-------+----------------------
         Total | 100.0 | 100.0 |   N/A |   N/A | 100.0 | 225.8
       Dungeon | 100.0 | 100.0 |   N/A |   N/A | 100.0 | 225.8
               +-------+-------+-------+-------+-------+----------------------

Skill      XL: |  1  2  3  4  5  6  7 |
---------------+----------------------+-----
Axes           | 4 5 6 8 9 10 | 10.8
Fighting       | |  3.6
Armour         | |  2.4
Dodging        | |  2.1

Action                     |  1- 3 |  4- 6 |  7- 9 || total
---------------------------+-------+-------+-------++-------
  Melee: Hand axe          |    71 |    89 |    83 ||   243
         Headbutt          |     5 |     3 |    12 ||    20
         Unarmed           |       |    14 |       ||    14
 Invoke: Berserk           |     1 |     1 |       ||     2
         Trog's Hand       |       |     1 |     1 ||     2
    Use: Scroll            |       |     8 |       ||     8
         Potion            |       |       |     4 ||     4
 Armour: Animal skin       |     8 |       |       ||     8
         Chain mail        |    35 |    64 |    77 ||   176
         Skin              |       |     7 |       ||     7
  Dodge: Dodged            |    42 |    41 |    37 ||   120

Vanquished Creatures
  A water moccasin (D:5)
  Duvessa (D:4)
  2 scorpions
  Dowan (D:4)
  The ghost of PaiMei the Grave Robber, a weakling DsNe (D:3)
  A bombardier beetle (D:4)
  A hound (D:5)
  Crazy Yiuf (D:3)
  Ijyb (D:3)
  2 iguanas (D:5)
  A sleepcap (D:4)
  An orc wizard (D:5)
  6 adders
  A gnoll (D:5)
  A white imp (D:5)
  2 ufetubi (D:5)
  2 ribbon worms
  2 dart slugs (D:3)
  The ghost of TheRegalBeagle the Sneak, a weakling SpDe (D:5)
  2 orcs (D:5)
  5 endoplasms
  2 giant cockroaches (D:1)
  9 goblins
  5 hobgoblins
  3 jackals (D:3)
  6 quokkas
  6 ball pythons
  8 bats
  2 kobolds (D:3)
  3 rats
80 creatures vanquished.
